SKY
MONTREAL EXPOS @ CINCINNATI REDS
05/22/2052
 
TOP OF THE 1ST
Montreal Expos batting - Pitching for Cincinnati Reds : RHP Isaac Kwiatkowski
Pitching: RHP Isaac Kwiatkowski
Batting: LHB Daryl Henderson 0-0: Fly out, F8 (Flyball, 8LD, EV 105.0 MPH)
Batting: RHB Brian Ottman 0-0: Called Strike
0-1: Ball
1-1: Swinging Strike
1-2: Ground out U3 (Groundball, 3, EV 87.5 MPH)
Batting: LHB Jimmy Miramontes 0-0: Called Strike
0-1: Ball
1-1: Called Strike
1-2: Ball
2-2: Strikes out swinging
Top of the 1st over - 0 runs, 0 hits, 0 errors, 0 left on base; Montreal 0 - Cincinnati 0
BOTTOM OF THE 1ST
Cincinnati Reds batting - Pitching for Montreal Expos : LHP Javy Piña
Pitching: LHP Javy Piña
Batting: RHB Frank Lambert 0-0: Swinging Strike
0-1: Ball
1-1: Called Strike
1-2: Ball
2-2: Ground out 4-3 (Groundball, 4M, EV 89.4 MPH)
Batting: RHB José Maria Andres 0-0: Swinging Strike
0-1: Called Strike
0-2: Strikes out swinging
Batting: SHB D.J. Boucher 0-0: Called Strike
0-1: Ball
1-1: Swinging Strike
1-2: Strikes out swinging
Bottom of the 1st over - 0 runs, 0 hits, 0 errors, 0 left on base; Montreal 0 - Cincinnati 0
TOP OF THE 2ND
Montreal Expos batting - Pitching for Cincinnati Reds : RHP Isaac Kwiatkowski
Batting: LHB Valentin Suárez 0-0: Foul Ball, location: 7LDF
0-1: Ball
1-1: Ball
2-1: Ball
3-1: Foul Ball, location: 7LMF
3-2: Foul Ball, location: 5F
3-2: Ground out 4-3 (Groundball, 34D, EV 100.6 MPH)
Batting: LHB Joe Edwards 0-0: Foul Ball, location: 23F
0-1: Called Strike
0-2: Strikes out swinging
Batting: RHB Ricky Sytsma 0-0: Called Strike
0-1: Ball
1-1: Ball
2-1: Fly out, F9 (Flyball, 9D, EV 103.8 MPH)
Top of the 2nd over - 0 runs, 0 hits, 0 errors, 0 left on base; Montreal 0 - Cincinnati 0
BOTTOM OF THE 2ND
Cincinnati Reds batting - Pitching for Montreal Expos : LHP Javy Piña
Batting: LHB Glen Kirkendall 0-0: Called Strike
0-1: Ground out 5-3 (Groundball, 5, EV 107.5 MPH)
Batting: RHB Ollie Millner 0-0: Ball
1-0: Foul Ball, location: 2F
1-1: Foul Ball, location: 2F
1-2: Foul Ball, location: 3F
1-2: DOUBLE (Line Drive, 5D, EV 103.8 MPH)
Batting: RHB Pierre Johnson 0-0: Ball
1-0: Called Strike
1-1: DOUBLE (Groundball, 5L, EV 102.5 MPH)
Ollie Millner scores
Batting: RHB Ben Howell 0-0: Ball
1-0: Fly out, F7 (Flyball, 7, EV 73.8 MPH)
Batting: RHB Ethan Hicks 0-0: Swinging Strike
0-1: Swinging Strike
0-2: Ball
1-2: Foul Ball, location: 9LDF
1-2: Ground out 6-3 (Groundball, 56, EV 85.6 MPH)
Bottom of the 2nd over - 1 run, 2 hits, 0 errors, 1 left on base; Montreal 0 - Cincinnati 1
TOP OF THE 3RD
Montreal Expos batting - Pitching for Cincinnati Reds : RHP Isaac Kwiatkowski
Batting: LHB Sebastian Reznik 0-0: Foul Ball, location: 7LSF
0-1: Ball
1-1: Ball
2-1: Ground out 4-3 (Groundball, 13, EV 80.6 MPH)
Batting: RHB Owen Dyche 0-0: Called Strike
0-1: Ball
1-1: Swinging Strike
1-2: Foul Ball, location: 5F
1-2: Ball
2-2: Ground out 6-3 (Groundball, 6, EV 66.9 MPH)
Batting: LHB Hugo Texido 0-0: Foul Ball, location: 5FF
0-1: Ball
1-1: Foul Ball, location: 7LDF
1-2: Ground out 6-3 (Groundball, 6, EV 85.6 MPH)
Top of the 3rd over - 0 runs, 0 hits, 0 errors, 0 left on base; Montreal 0 - Cincinnati 1
BOTTOM OF THE 3RD
Cincinnati Reds batting - Pitching for Montreal Expos : LHP Javy Piña
Batting: RHB Coty Cavett 0-0: Ball
1-0: Foul Ball, location: 2F
1-1: Ball
2-1: Ground out 6-3 (Groundball, 6M, EV 87.5 MPH)
Batting: RHB Frank Lambert 0-0: Ball
1-0: SINGLE (Line Drive, 6MD, EV 96.3 MPH)
Pitching: LHP Chris Romano
Batting: RHB José Maria Andres 0-0: Ball
1-0: Ground out 6-3 (Groundball, 6, EV 69.4 MPH)
Frank Lambert to second
Batting: SHB D.J. Boucher 0-0: Ball
1-0: Called Strike
1-1: Ball
2-1: Foul Ball, location: 2F
2-2: Foul Ball, location: 2F
2-2: Ground out U3 (Groundball, 3, EV 88.8 MPH)
Bottom of the 3rd over - 0 runs, 1 hit, 0 errors, 1 left on base; Montreal 0 - Cincinnati 1
TOP OF THE 4TH
Montreal Expos batting - Pitching for Cincinnati Reds : RHP Isaac Kwiatkowski
Batting: LHB Daryl Henderson 0-0: Ball
1-0: Ground out 3-1 (Groundball, 34, EV 103.8 MPH)
Batting: RHB Brian Ottman 0-0: SINGLE (Groundball, 4MD, EV 95.0 MPH)
Batting: LHB Jimmy Miramontes 0-0: Ball
1-0: Foul Ball, location: 2F
1-1: Foul Ball, location: 2F
1-2: Ball
2-2: Strikes out swinging
Batting: LHB Valentin Suárez 0-0: Ball
1-0: Swinging Strike
1-1: Foul Ball, location: 7LSF
1-2: Foul Ball, location: 25F
1-2: Fly out, F9 (Line Drive, 9S, EV 85.0 MPH)
Top of the 4th over - 0 runs, 1 hit, 0 errors, 1 left on base; Montreal 0 - Cincinnati 1
BOTTOM OF THE 4TH
Cincinnati Reds batting - Pitching for Montreal Expos : LHP Chris Romano
Batting: LHB Glen Kirkendall 0-0: Foul Ball, location: 25F
0-1: Foul Ball, location: 2F
0-2: Ball
1-2: Ball
2-2: DOUBLE (Flyball, 8RXD, EV 110.0 MPH)
Batting: RHB Ollie Millner 0-0: Ball
1-0: Swinging Strike
1-1: Ground out 6-3 (Groundball, 6S, EV 62.5 MPH)
Batting: RHB Pierre Johnson 0-0: Ball
1-0: Called Strike
1-1: Ball
2-1: Ball
3-1: Called Strike
3-2: Strikes out swinging
Batting: RHB Ben Howell 0-0: Called Strike
0-1: Called Strike
0-2: Ball
1-2: DOUBLE (Line Drive, 3D, EV 94.4 MPH)
Glen Kirkendall scores
Pitching: RHP Max Mangan
Batting: RHB Ethan Hicks 0-0: Ball
1-0: Ball
2-0: Called Strike
2-1: Ball
3-1: Called Strike
3-2: Strikes out swinging
Bottom of the 4th over - 1 run, 2 hits, 0 errors, 1 left on base; Montreal 0 - Cincinnati 2
TOP OF THE 5TH
Montreal Expos batting - Pitching for Cincinnati Reds : RHP Isaac Kwiatkowski
Batting: LHB Joe Edwards 0-0: SINGLE (Flyball, 78S, EV 91.3 MPH)
Batting: RHB Ricky Sytsma 0-0: Ball
Wild Pitch!
Joe Edwards to second
1-0: Ball
2-0: Ball
3-0: Fly out, F9 (Flyball, 89D, EV 86.3 MPH)
Batting: LHB Sebastian Reznik 0-0: Ball
1-0: Ball
2-0: Ball
3-0: Called Strike
3-1: Base on Balls
Batting: RHB Owen Dyche 0-0: Called Strike
0-1: Ball
1-1: Called Strike
1-2: Grounds into double play, 5-4-3 (Groundball, 5, EV 83.8 MPH)
Top of the 5th over - 0 runs, 1 hit, 0 errors, 1 left on base; Montreal 0 - Cincinnati 2
BOTTOM OF THE 5TH
Cincinnati Reds batting - Pitching for Montreal Expos : RHP Max Mangan
Batting: RHB Coty Cavett 0-0: Swinging Strike
0-1: Swinging Strike
0-2: Strikes out looking
Batting: RHB Frank Lambert 0-0: Called Strike
0-1: Swinging Strike
0-2: Ball
1-2: Ball
2-2: Foul Ball, location: 2F
2-2: Ground out 1-3 (Groundball, 34S, EV 66.3 MPH)
Batting: RHB José Maria Andres 0-0: Ball
1-0: Fly out, F8 (Flyball, 8LD, EV 105.6 MPH)
Bottom of the 5th over - 0 runs, 0 hits, 0 errors, 0 left on base; Montreal 0 - Cincinnati 2
TOP OF THE 6TH
Montreal Expos batting - Pitching for Cincinnati Reds : RHP Isaac Kwiatkowski
Batting: LHB Hugo Texido 0-0: Ball
1-0: Foul Ball, location: 9LDF
1-1: Foul Ball, location: 25F
1-2: Strikes out swinging
Batting: LHB Daryl Henderson 0-0: Ball
1-0: Swinging Strike
1-1: Called Strike
1-2: Strikes out swinging
Batting: RHB Brian Ottman 0-0: Ball
1-0: Ball
2-0: Called Strike
2-1: Ground out 4-3 (Groundball, 4, EV 108.8 MPH)
Top of the 6th over - 0 runs, 0 hits, 0 errors, 0 left on base; Montreal 0 - Cincinnati 2
BOTTOM OF THE 6TH
Cincinnati Reds batting - Pitching for Montreal Expos : RHP Max Mangan
Batting: SHB D.J. Boucher 0-0: Ball
1-0: Ball
2-0: Called Strike
2-1: Ball
3-1: Called Strike
3-2: Foul Ball, location: 5DF
3-2: Fly out, F8 (Flyball, 8LXD, EV 100.6 MPH)
Batting: LHB Glen Kirkendall 0-0: Ball
1-0: Foul Ball, location: 2F
1-1: SINGLE (Groundball, 34D, EV 94.4 MPH)
Batting: RHB Ollie Millner 0-0: DOUBLE (Line Drive, 9LS, EV 87.5 MPH)
Glen Kirkendall to third
Batting: RHB Pierre Johnson 0-0: Intentional Walk
Batting: RHB Ben Howell 0-0: Called Strike
0-1: Swinging Strike
0-2: Ball
1-2: Strikes out swinging
Pitching: RHP Justin Adkins
Batting: RHB Ethan Hicks 0-0: DOUBLE (Line Drive, 5D, EV 98.1 MPH)
Glen Kirkendall scores
Ollie Millner scores
Pierre Johnson to third
Runner from 3rd tries for Home, SAFE, throw by LF to trailing runner, OUT at third! 7-3-5
Bottom of the 6th over - 3 runs, 3 hits, 0 errors, 0 left on base; Montreal 0 - Cincinnati 5
TOP OF THE 7TH
Montreal Expos batting - Pitching for Cincinnati Reds : RHP Isaac Kwiatkowski
Batting: LHB Jimmy Miramontes 0-0: Called Strike
0-1: Ground out U3 (Groundball, 34, EV 96.3 MPH)
Batting: LHB Valentin Suárez 0-0: DOUBLE (Line Drive, 78D, EV 101.9 MPH)
Batting: LHB Joe Edwards 0-0: Called Strike
0-1: Swinging Strike
0-2: Ball
1-2: SINGLE (Line Drive, 4D, EV 100.0 MPH)
Valentin Suárez to third
Runner from 3rd tries for Home, SAFE, throw by CF to home
Batting: RHB Ricky Sytsma 0-0: Called Strike
0-1: Foul Ball, location: 9LDF
0-2: Foul Ball, location: 25F
0-2: Ball
1-2: Foul Ball, location: 9LDF
1-2: Foul Ball, location: 2F
1-2: Ball
2-2: 2-RUN HOME RUN (Flyball, 78XD, EV 111.3 MPH), Distance : 418 ft
Batting: LHB Sebastian Reznik 0-0: Swinging Strike
0-1: Ball
1-1: Ball
2-1: Ground out U3 (Groundball, 3, EV 90.6 MPH)
Batting: RHB Owen Dyche 0-0: Foul Ball, location: 25FF
0-1: Foul Ball, location: 5FF
0-2: Ball
1-2: Ground out 5-3 (Groundball, 56, EV 102.5 MPH)
Top of the 7th over - 3 runs, 3 hits, 0 errors, 0 left on base; Montreal 3 - Cincinnati 5
BOTTOM OF THE 7TH
Cincinnati Reds batting - Pitching for Montreal Expos : RHP Justin Adkins
Batting: RHB Coty Cavett 0-0: Foul Ball, location: 3F
0-1: Ball
1-1: Fly out, F7 (Flyball, 7S, EV 84.4 MPH)
Batting: RHB Frank Lambert 0-0: Ball
1-0: Swinging Strike
1-1: Foul Ball, location: 7LSF
1-2: Ground out 4-3 (Groundball, 4, EV 103.8 MPH)
Batting: RHB José Maria Andres 0-0: Called Strike
0-1: Swinging Strike
0-2: Foul Ball, location: 5DF
0-2: Strikes out swinging
Bottom of the 7th over - 0 runs, 0 hits, 0 errors, 0 left on base; Montreal 3 - Cincinnati 5
TOP OF THE 8TH
Montreal Expos batting - Pitching for Cincinnati Reds : RHP Isaac Kwiatkowski
Pitching: RHP James Doll
Batting: LHB Hugo Texido 0-0: Ground out 6-3 (Groundball, P, EV 103.1 MPH)
Batting: LHB Daryl Henderson 0-0: Called Strike
0-1: Ball
1-1: Foul Ball, location: 2F
1-2: Ball
2-2: SINGLE (Line Drive, 9S, EV 100.6 MPH)
Batting: RHB Brian Ottman 0-0: Ball
1-0: Foul Ball, location: 9LMF
1-1: Swinging Strike
1-2: Strikes out swinging
Pitching: LHP Ryan McNeal
Batting: LHB Jimmy Miramontes 0-0: Foul Ball, location: 3FF
0-1: Ball
1-1: Foul Ball, location: 9LDF
1-2: Ball
2-2: Ball
3-2: Ground out 4-3 (Groundball, 34, EV 90.6 MPH)
Top of the 8th over - 0 runs, 1 hit, 0 errors, 1 left on base; Montreal 3 - Cincinnati 5
BOTTOM OF THE 8TH
Cincinnati Reds batting - Pitching for Montreal Expos : RHP Justin Adkins
Batting: SHB D.J. Boucher 0-0: Called Strike
0-1: Foul Ball, location: 2F
0-2: Foul Ball, location: 3F
0-2: Hit by Pitch
Pitching: LHP Roger Johnson
Pinch Runner at 1st Mike Chappelle:
Batting: LHB Glen Kirkendall 0-0: Ball
1-0: Swinging Strike
1-1: Fly out, F9 (Flyball, 9S, EV 91.3 MPH)
Batting: RHB Ollie Millner 0-0: Swinging Strike
0-1: 2-RUN HOME RUN (Flyball, 78XD, EV 98.1 MPH), Distance : 407 ft
Batting: RHB Pierre Johnson 0-0: Called Strike
0-1: Swinging Strike
0-2: Ball
1-2: Strikes out swinging
Batting: RHB Ben Howell 0-0: Ground out 4-3 (Groundball, 4, EV 85.0 MPH)
Bottom of the 8th over - 2 runs, 1 hit, 0 errors, 0 left on base; Montreal 3 - Cincinnati 7
TOP OF THE 9TH
Montreal Expos batting - Pitching for Cincinnati Reds : LHP Ryan McNeal
Now at 1B: José Maria Andres
Now in LF: Ben Howell
Now in RF: Austin Pula
Batting: LHB Valentin Suárez 0-0: Called Strike
0-1: Called Strike
0-2: Ball
1-2: SINGLE (Groundball, 6MD, EV 101.3 MPH)
Pinch Hitting: RHB Jin-Seo Yun 0-0: Called Strike
0-1: Called Strike
0-2: Ball
1-2: Strikes out swinging
Pitching: LHP Briggs Bolin
Batting: RHB Ricky Sytsma 0-0: Ball
1-0: Swinging Strike
1-1: Ball
2-1: Swinging Strike
2-2: Foul Ball, location: 5FF
2-2: Strikes out swinging
Batting: RHB Rusty Reffitt 0-0: Foul Ball, location: 2F
0-1: Called Strike
0-2: Strikes out swinging
Top of the 9th over - 0 runs, 1 hit, 0 errors, 1 left on base; Montreal 3 - Cincinnati 7
Monday, April 22nd , 2024 - OOTP Baseball 24.11 Build 85